 Dungeon Crawl Stone Soup version 0.30-a0-1160-g6e42c06551 (webtiles) character file.

Game seed: 11496120331384369806

9731 kae the Transmogrifier (level 11, -4/88 HPs)
             Began as a Demigod Transmuter on Apr 25, 2023.
             Slain by a shadow (25 damage)
             ... on level 10 of the Dungeon.
             The game lasted 00:13:22 (11917 turns).

kae the Transmogrifier (Demigod Transmuter)        Turns: 11917, Time: 00:13:22

Health: -4/88      AC:  4    Str: 13    XL:     11   Next: 6%
Magic:  0/24       EV: 12    Int: 30    God:
Gold:   659        SH:  0    Dex: 14    Spells: 6/22 levels left

rFire   + .          .
                       - Unarmed
rCold   . . .        (no shield)
rNeg    . . .        a - +0 robe
rPois   .            (no helmet)
rElec   .            (no cloak)
rCorr   .            b - +1 pair of gloves of Inviolability {Int+7}
SInv    .            (no boots)
Will    +....        G - amulet of guardian spirit
Stlth   +            F - ring of protection from fire
HPRegen 0.34/turn    (no ring)
MPRegen 0.19/turn

%: guardian spirit
@: no status effects
A: high MP 1, forlorn, divine attributes, weak 1
a: no special abilities


You were on level 10 of the Dungeon.
You visited 1 branch of the dungeon, and saw 10 of its levels.

You collected 739 gold pieces.
You spent 80 gold pieces at shops.


Innate Abilities, Weirdness & Mutations

You have an increased reservoir of magic. (+10% MP)
You shall have no god before yourself.
Your divine heritage dramatically boosts your attributes as you level up.
You are weak. (Str -2)


   Skills:
 * Level 5.6 Fighting
 - Level 1.7 Dodging
 * Level 7.1 Unarmed Combat
 + Level 6.3 Spellcasting
 * Level 9.7 Transmutations
 - Level 6.0 Ice Magic
 * Level 3.4 Earth Magic
 - Level 2.0 Poison Magic


You had 6 spell levels left.
You knew the following spells:

 Your Spells              Type           Power      Damage    Failure   Level
a - Beastly Appendage     Tmut           100%       N/A       1%          1
b - Wereblood             Tmut           62%        N/A       1%          2
c - Spider Form           Tmut/Pois      44%        N/A       1%          3
d - Ice Form              Ice/Tmut       54%        N/A       1%          4
e - Statue Form           Tmut/Erth      32%        N/A       45%         6

Your spell library contained the following spells:

 Spells                   Type           Power      Damage    Failure   Level
 Sandblast                Erth           58%        2d13      1%          1
 Passwall                 Tmut/Erth      40%        N/A       1%          2
 Ensorcelled Hibernation  Hex/Ice        54%        N/A       2%          2
 Petrify                  Tmut/Erth      49%        N/A       3%          4
 Apportation              Tloc           18%        N/A       4%          1
 Necrotise                Necr           36%        1d5       4%          1
 Shock                    Conj/Air       36%        1d5       4%          1
 Summon Small Mammal      Summ           36%        N/A       4%          1
 Static Discharge         Conj/Air       18%        2-3/arc   8%          2
 Sublimation of Blood     Necr           9%         N/A       8%          2
 Stone Arrow              Conj/Erth      38%        3d9       8%          3
 Dazzling Flash           Conj/Hex       18%        N/A       16%         3
 Summon Guardian Golem    Hex/Summ       9%         N/A       16%         3
 Swiftness                Air            9%         N/A       16%         3
 Vampiric Draining        Necr           9%         2d6       16%         3
 Vhi's Electric Charge    Tloc/Air       18%        N/A       16%         3
 Irradiate                Conj/Tmut      19%        3d18      19%         5
 Leda's Liquefaction      Hex/Erth       9%         N/A       26%         4
 Airstrike                Air            4%         2d(1-17)  45%         4
 Anguish                  Hex/Necr       4%         N/A       45%         4
 Iskenderun's Mystic Bla  Conj/Tloc      9%         2d4       45%         4
 Agony                    Necr           9%         N/A       80%         5
 Arcjolt                  Conj/Air       4%         1d14      80%         5
 Plasma Beam              Fire/Air       4%         2x1d16    100%        6
 Orb of Destruction       Conj           4%         9d5       100%        7
 Spellforged Servitor     Conj/Summ      4%         N/A       100%        7
 Chain Lightning          Conj/Air       4%         3d6       100%        9
 Fire Storm               Conj/Fire      4%         8d1       100%        9
 Shatter                  Erth           14%        3d14*     100%        9

Inventory:

Missiles
 c - 37 poisoned darts
 d - 102 stones
 n - a throwing net {=f!f}
 z - 6 javelins
 B - 2 curare-tipped darts {=f}
Armour
 a - a +0 robe (worn)
 b - the +1 pair of gloves of Inviolability (worn) {Int+7}
   (You found it on level 2 of the Dungeon)

   Int:       It affects your intelligence (+7).
 s - a +2 pair of gloves of infusion
   (You found it on level 7 of the Dungeon)
Jewellery
 A - an amulet of the acrobat
   (You found it on level 6 of the Dungeon)
 F - a ring of protection from fire (left hand)
   (You found it on level 1 of the Dungeon)
 G - an amulet of guardian spirit (around neck)
   (You found it on level 6 of the Dungeon)
Wands
 o - a wand of roots (9)
   (You took it off Ijyb on level 5 of the Dungeon)
 r - a wand of polymorph (21)
   (You took it off Natasha on level 3 of the Dungeon)
 u - a wand of paralysis (7)
   (You found it on level 6 of the Dungeon)
 x - a wand of quicksilver (23)
   (You found it on level 8 of the Dungeon)
 I - a wand of flame (14)
   (You found it on level 9 of the Dungeon)
Scrolls
 g - 5 scrolls of teleportation {@r4}
 h - 2 scrolls of enchant armour
 i - 3 scrolls of magic mapping {!r}
 j - 3 scrolls of enchant weapon
 m - 2 scrolls of summoning
 y - a scroll of fear
 C - 2 scrolls of immolation {!r!r}
Potions
 e - 3 potions of degeneration {!q}
 f - 2 potions of berserk rage {!q}
 k - a potion of brilliance
 l - 3 potions of curing {@q1}
 p - 2 potions of might
 q - 2 potions of attraction {!q}
 t - 2 potions of lignification {!q}
 v - a potion of resistance
 w - a potion of flight
 D - a potion of cancellation
 E - a potion of magic {unknown}
 H - a potion of heal wounds {@q2}
 J - a potion of ambrosia {unknown}

Dungeon Overview and Level Annotations

Branches:
Dungeon (10/15) Zot: 26031  Temple (0/1) D:7            Lair (0/5) D:9
    Orc (0/2) D:9

Shops:
D:5 =[*[ D:6

* ..........#....#
#...##. ..........#....#
#...##.
..........#....####...##.
.................†.......
##.......#####+##########
#.......# #.......#
#.......# #.#####@# #.
#{# #.......# #...W...#
#.......# ####+#..# #.##
.#..⌠.⌠..#y #.
#.........# #.
#.........#


There were no monsters in sight!


Message History

😕 HP[-7] MP[-1]
You take 7 damage, and now have 88/105 hp.
You lost 1 mp, and now have 18/24 mp.
You punch the slime creature! You freeze the slime creature.
The slime creature hits you but does no damage.
You hit the slime creature. You freeze the slime creature.
The slime creature hits you! 😕 HP[-7] MP[-1]
You take 7 damage, and now have 81/105 hp.
You lost 1 mp, and now have 17/24 mp.
You punch the slime creature! You freeze the slime creature.
The slime creature hits you. 😮 HP[-4] MP[+1]
You take 4 damage, and now have 77/105 hp.
You pummel the slime creature!! You freeze the slime creature.
You feel a bit better.
You kill the slime creature! 😕 HP[+4]
You regained 4 hp, and now have 81/105 hp. 😕 HP[+1] 😕 MP[+1] 😕 HP[+1]
A slime creature comes into view.
Your primal bloodlust is almost over.
A shadow comes into view.
You howl as the wereblood boils in your veins!
The slime creature quivers. 😕 HP[+1] 😕 MP[+1] 😕 HP[+1]
You completely miss the slime creature.
You howl as the wereblood boils in your veins!
The slime creature hits you.
The shadow slips into darkness.
The shadow flickers and vanishes!
Deactivating autopickup; reactivate with Ctrl-A. 😕 HP[-5] MP[-1]
You take 5 damage, and now have 80/105 hp.
You lost 1 mp, and now have 19/24 mp.
You hit the slime creature. You freeze the slime creature.
You howl as the wereblood boils in your veins!
Your primal bloodlust has ended.
The slime creature closely misses you.
You punch the slime creature! You freeze the slime creature.
The slime creature hits you! 😮 HP[-8] MP[-2]
You take 8 damage, and now have 72/105 hp.
You lost 2 mp, and now have 17/24 mp.
You punch the slime creature! You freeze the slime creature!
The slime creature hits you. 😮 HP[-2]
You take 2 damage, and now have 70/105 hp.
You are too injured to fight recklessly!
You are too injured to fight recklessly!
You hit the slime creature. You freeze the slime creature.
Your transformation is almost over.
The slime creature hits you but does no damage.
You punch the slime creature! You freeze the slime creature.
The slime creature hits you. 😮 HP[-3] MP[-1]
You take 3 damage, and now have 67/105 hp.
You lost 1 mp, and now have 16/24 mp.
You hit the slime creature. You freeze the slime creature.
The slime creature barely misses you.
You pummel the slime creature!! You freeze the slime creature.
You kill the slime creature!
Unknown command.
The shadow strikes at you from the darkness!
* * * LOW HITPOINT WARNING * * *
Reactivating autopickup. 😨 HP[-22] MP[-6]
You take 22 damage, and now have 45/105 hp.
MASSIVE DAMAGE!! (PAUSE)
You lost 6 mp, and now have 10/24 mp.
You barely miss the shadow. The shadow hits you. 😨 MP[+1]
You punch the shadow! The shadow barely misses you.
Unknown command.
You hit the shadow but do no damage.
The shadow slips into darkness.
The shadow flickers and vanishes!
Deactivating autopickup; reactivate with Ctrl-A. 😨 HP[+1]
You punch something!
The shadow strikes at you from the darkness!
* * * LOW HITPOINT WARNING * * *
Reactivating autopickup. 😱 HP[-21] MP[-5]
You take 21 damage, and now have 25/105 hp.
You lost 5 mp, and now have 6/24 mp.
You hit the shadow but do no damage.
The shadow slips into darkness.
The shadow flickers and vanishes!
Deactivating autopickup; reactivate with Ctrl-A.
You hit something but do no damage.
You warm up again.
The +1 pair of gloves of Inviolability {Int+7} unmelds from your body.
Your +0 robe unmelds from your body.
The shadow strikes at you from the darkness!
You die...

Skill      XL: |  1  2  3  4  5  6  7  8  9 10 |
---------------+-------------------------------+-----
Transmutations | 2 3 4 5 6 7 8 9 |  9.7
Spellcasting   | 2 3 4 5 6 |  6.3
Poison Magic   | 1 2 |  2.0
Ice Magic      | 2 4 5 6 |  6.0
Unarmed Combat | 3 5 7 |  7.1
Fighting       | 3 5 |  5.6
Earth Magic    | 3 |  3.4
Dodging        | |  1.7

Action                     |  1- 3 |  4- 6 |  7- 9 | 10-12 || total
---------------------------+-------+-------+-------+-------++-------
  Melee: Unarmed           |   123 |   191 |   339 |   225 ||   878
         Kick              |    23 |     3 |       |       ||    26
         Headbutt          |    15 |     3 |       |       ||    18
         Punch             |     1 |       |     1 |       ||     2
   Cast: Beastly Appendage |    21 |     8 |       |       ||    29
         Spider Form       |     1 |    23 |       |       ||    24
         Wereblood         |     1 |     7 |    16 |    13 ||    37
         Ice Form          |       |     5 |    36 |    19 ||    60
         Statue Form       |       |       |       |     1 ||     1
  Evoke: Wand              |       |       |       |     1 ||     1
    Use: Scroll            |     3 |     9 |    12 |     1 ||    25
         Potion            |       |     3 |     5 |     2 ||    10
   Stab: Sleeping          |     2 |     2 |       |       ||     4
 Armour: Robe              |    23 |    19 |     5 |       ||    47
         Skin              |       |    13 |   172 |   109 ||   294
  Dodge: Dodged            |    96 |   153 |   182 |   151 ||   582

Levels and vault maps discovered:
D:1:      nzn_arrival_crosshair, layout_loops_corners, reono_crystal_passage
D:2:      layout_basic, uniq_jessica
D:3:      layout_basic, xom_confusion_cloud, nicolae_overflow_crystal_walls,
          minivault_4, minmay_misc_feat_diagonals, kennysheep_generic_room_12,
          uniq_natasha
D:4:      layout_cave_pools, nicolae_hepliaklqana_monster_ancestors
D:5:      layout_basic, serial_shops, shop, shop, shop,
          nicolae_shop_tiny_waterfront, uniq_sigmund, uniq_ijyb,
          uniq_blork_the_orc
D:6:      hangedman_cross_stitches, layout_loops_ring,
          mainiacjoe_overflow_paths, serial_shops, shop, minivault_10
D:7:      minmay_s_stair_smasher, layout_rooms, nemelex_altar_shiori,
          mainiacjoe_overflow_boulevard, minmay_temple_entry_tees
D:8:      layout_rooms, kennysheep_nub, minmay_tree_intersection
D:9:      layout_small_grid, lair_entry_dummy, david_orc_5
D:10:     kennysheep_ambush_hall, layout_stronghold, nicolae_figureground_pulse

Notes
Turn   | Place    | Note
-------+----------+-------------------------------------------
     0 | D:1      | kae the Demigod Transmuter began the quest for the Orb.
     0 | D:1      | Reached XP level 1. HP: 15/15 MP: 5/5
     0 | D:1      | magus.rc [v1.11.3]
    57 | D:1      | Reached skill level 2 in Transmutations
    84 | D:1      | Reached skill level 2 in Spellcasting
   197 | D:1      | Reached XP level 2. HP: 20/22 MP: 5/7
  1057 | D:1      | Learned a level 2 spell: Wereblood
  1104 | D:2      | Reached skill level 3 in Transmutations
  1104 | D:2      | Reached XP level 3. HP: 24/27 MP: 9/9
  1108 | D:2      | Learned a level 3 spell: Spider Form
  1378 | D:2      | HP: 6/27 [poisoned by an adder]
  1577 | D:2      | Noticed Jessica
  1599 | D:2      | Killed Jessica
  1600 | D:2      | Reached skill level 1 in Poison Magic
  1600 | D:2      | Reached XP level 4. HP: 20/34 MP: 5/10
  1637 | D:2      | HP: 5/34 [adder (4)]
  1640 | D:2      | HP: 2/34 [poisoned by an adder]
  1737 | D:2      | Identified the +1 pair of gloves of Inviolability {Int+7}
  2385 | D:3      | You pick up a book of Necromancy and begin reading...
  2385 | D:3      | You add the spells Necrotise, Vampiric Draining and Agony
                  | to your library.
  2600 | D:3      | Reached XP level 5. HP: 38/39 MP: 8/12
  2619 | D:3      | Reached skill level 2 in Poison Magic
  2861 | D:3      | Noticed Natasha
  2906 | D:3      | Killed Natasha
  2907 | D:3      | Reached skill level 4 in Transmutations
  3011 | D:3      | Noticed Natasha
  3020 | D:3      | Killed Natasha
  3021 | D:3      | Reached skill level 3 in Spellcasting
  3026 | D:3      | Noticed Natasha
  3096 | D:3      | Killed Natasha
  3319 | D:3      | Learned a level 4 spell: Ice Form
  3358 | D:3      | HP: 7/39 [gnoll/+0 whip (8)]
  3367 | D:3      | Reached XP level 6. HP: 16/46 MP: 9/13
  3511 | D:4      | Reached skill level 1 in Ice Magic
  3597 | D:4      | You pick up a book of Dangerous Friends and begin
                  | reading...
  3597 | D:4      | You add the spells Summon Guardian Golem, Orb of
                  | Destruction and Spellforged Servitor to your library.
  3824 | D:4      | Reached skill level 5 in Transmutations
  4275 | D:5      | Entered Level 5 of the Dungeon
  4296 | D:5      | Reached skill level 2 in Ice Magic
  4460 | D:5      | Reached XP level 7. HP: 49/51 MP: 9/15
  4540 | D:5      | Found Miuqu's Jewellery Boutique.
  4579 | D:5      | Found Egeomowy's Assorted Antiques.
  4584 | D:5      | Bought a scroll of identify for 40 gold pieces
  4584 | D:5      | Bought a scroll of identify for 40 gold pieces
  4606 | D:5      | Found Kuunovask's Antique Armour Shoppe.
  4620 | D:5      | Reached skill level 3 in Ice Magic
  4650 | D:5      | You pick up a book of Annihilations and begin reading...
  4650 | D:5      | You add the spells Chain Lightning, Fire Storm and Shatter
                  | to your library.
  4695 | D:5      | Noticed Sigmund
  4714 | D:5      | Killed Sigmund
  4715 | D:5      | Reached skill level 4 in Spellcasting
  4715 | D:5      | Reached skill level 6 in Transmutations
  4750 | D:5      | Found Jasess's Antique Armour Emporium.
  4784 | D:5      | Noticed Blork the orc
  4802 | D:5      | Killed Blork the orc
  4817 | D:5      | Noticed Ijyb
  4833 | D:5      | Killed Ijyb
  4842 | D:5      | Reached skill level 4 in Ice Magic
  4987 | D:5      | Reached XP level 8. HP: 58/58 MP: 12/17
  5375 | D:6      | Noticed a kobold demonologist
  5380 | D:6      | HP: 14/58 [black bear (3)]
  5384 | D:6      | HP: 4/58 [poisoned by a kobold brigand]
  5385 | D:6      | HP: 1/58 [poisoned by a kobold brigand]
  5406 | D:6      | Killed a kobold demonologist
  5407 | D:6      | Reached skill level 7 in Transmutations
  5407 | D:6      | Reached skill level 5 in Ice Magic
  5736 | D:6      | Reached skill level 3 in Unarmed Combat
  5987 | D:6      | Reached skill level 5 in Spellcasting
  6169 | D:6      | Found Sadghew's Assorted Antiques.
  6327 | D:6      | Reached XP level 9. HP: 63/63 MP: 17/20
  6455 | D:6      | You add the spells Shock, Static Discharge, Vhi's Electric
                  | Charge and Plasma Beam to your library.
  6455 | D:6      | Got the Catalogue of Electrocution
  6631 | D:6      | Identified a scroll of acquirement
  6632 | D:6      | Acquired Lehudib's Commentary on Lithic Energy
  6633 | D:6      | You add the spells Dazzling Flash, Iskenderun's Mystic
                  | Blast, Leda's Liquefaction, Arcjolt, Irradiate and Statue
                  | Form to your library.
  6641 | D:6      | Learned a level 6 spell: Statue Form
  6942 | D:6      | Gained mutation: You are weak. (Str -2) [mutagenic glow]
  7044 | D:7      | Reached skill level 6 in Ice Magic
  7053 | D:7      | Reached skill level 4 in Unarmed Combat
  7176 | D:7      | Reached skill level 1 in Fighting
  7198 | D:7      | Reached skill level 8 in Transmutations
  7358 | D:7      | You pick up a book of Air and begin reading...
  7358 | D:7      | You add the spells Swiftness and Airstrike to your library.
  7427 | D:7      | Found a staircase to the Ecumenical Temple.
  7502 | D:7      | Reached skill level 2 in Fighting
  7922 | D:7      | Reached skill level 5 in Unarmed Combat
  8124 | D:8      | You pick up a book of Cantrips and begin reading...
  8124 | D:8      | You add the spells Summon Small Mammal and Apportation to
                  | your library.
  8231 | D:8      | Reached skill level 3 in Fighting
  8904 | D:9      | Identified the +0 scale mail of the Equinox {Harm SInv}
  9078 | D:9      | Identified the +1 whip "Xoriup" {pain, rF+ rC+ Dex-3}
  9104 | D:9      | Noticed a two-headed ogre
  9109 | D:9      | Reached XP level 10. HP: 56/77 MP: 10/22
  9135 | D:9      | Killed a two-headed ogre
  9136 | D:9      | Reached skill level 4 in Fighting
  9136 | D:9      | Reached skill level 6 in Unarmed Combat
  9248 | D:9      | You pick up a book of Alchemy and begin reading...
  9248 | D:9      | You add the spells Sublimation of Blood and Petrify to your
                  | library.
  9372 | D:8      | Reached skill level 9 in Transmutations
  9688 | D:8      | HP: 23/101 [orc warrior/+0 war axe (7)]
  9693 | D:8      | HP: 8/102 [orc warrior/+0 war axe (12)]
  9698 | D:8      | HP: 7/102 [orc warrior/+0 war axe (3)]
  9999 | D:9      | Reached skill level 6 in Spellcasting
 10010 | D:9      | Reached skill level 1 in Earth Magic
 10266 | D:9      | Found a staircase to the Lair.
 10304 | D:9      | You pick up a book of Geomancy and begin reading...
 10304 | D:9      | You add the spells Sandblast, Passwall and Stone Arrow to
                  | your library.
 10521 | D:9      | Found a staircase to the Orcish Mines.
 10610 | D:9      | Reached skill level 2 in Earth Magic
 10651 | D:9      | You pick up a book of Dreams and begin reading...
 10651 | D:9      | You add the spells Ensorcelled Hibernation and Anguish to
                  | your library.
 10685 | D:9      | Noticed a cyclops
 10701 | D:9      | Killed a cyclops
 10702 | D:9      | Reached skill level 5 in Fighting
 10948 | D:10     | Entered Level 10 of the Dungeon
 11736 | D:10     | Reached skill level 3 in Earth Magic
 11750 | D:10     | Reached skill level 7 in Unarmed Combat
 11758 | D:10     | Reached XP level 11. HP: 68/88 MP: 11/24
 11915 | D:10     | HP: 25/105 [something (21)]
 11917 | D:10     | Slain by a shadow

Vanquished Creatures
  A two-headed ogre (D:9)
  A cyclops (D:9)
  A kobold demonologist (D:6)
  A troll (D:10)
  A hornet (D:9)
  3 slime creatures (D:10)
  Sigmund (D:5)
  A shadow (D:9)
  A wyvern (D:10)
  7 yaks (D:10)
  3 steam dragons
  A vampire mosquito (D:10)
  2 acid dragons
  18 orc warriors
  2 sky beasts
  3 black bears
  2 ogres (D:6)
  2 centaurs
  3 kobold brigands
  Blork the orc (D:5)
  5 bullfrogs
  6 scorpions
  10 wights
  7 killer bees
  A howler monkey (D:7)
  2 jellies (D:6)
  8 orc priests
  4 hounds
  A gnoll bouda (D:7)
  Jessica (D:2)
  2 iguanas
  Ijyb (D:5)
  Natasha (thrice) (D:3)
  9 orc wizards
  10 adders
  9 gnolls
  A shadow imp (D:7)
  A white imp (D:5)
  An ufetubus (D:6)
  2 worms (D:3)
  2 dart slugs
  30 orcs
  9 bats
  10 endoplasms
  8 giant cockroaches
  6 goblins
  6 hobgoblins
  2 jackals (D:2)
  14 kobolds
  6 quokkas
  4 ball pythons (D:1)
  3 frilled lizards
  8 rats
  A spectral hobgoblin (D:4)
248 creatures vanquished.

Vanquished Creatures (others)
  2 orcs
  A goblin (D:3)
  A kobold (D:3)
4 creatures vanquished.

Grand Total: 252 creatures vanquished

Table legend:
 A = Non-vault XP
 B = Vault XP
 C = Vault XP percentage of total XP
 D = Non-vault monster count
 E = Vault monster count
 F = Vault count percentage of total count
                 A         B        C        D         E       F
            +---------+---------+-------+---------+---------+-------
      Total |    9144 |    4758 |  34.2 |     182 |      66 |  26.6
            +---------+---------+-------+---------+---------+-------
        D:1 |      41 |       0 |   0.0 |      25 |       0 |   0.0
        D:2 |      93 |      37 |  28.5 |      24 |       1 |   4.0
        D:3 |     249 |      46 |  15.6 |      26 |       8 |  23.5
        D:4 |     392 |       3 |   0.8 |      16 |       2 |  11.1
        D:5 |     474 |     361 |  43.2 |      10 |       3 |  23.1
        D:6 |     851 |    1027 |  54.7 |      13 |      10 |  43.5
        D:7 |     776 |     990 |  56.1 |      13 |      13 |  50.0
        D:8 |     950 |     266 |  21.9 |      21 |       3 |  12.5
        D:9 |    2874 |    1240 |  30.1 |      23 |      20 |  46.5
       D:10 |    2444 |     788 |  24.4 |      11 |       6 |  35.3
            +---------+---------+-------+---------+---------+-------

Skill      XL: |  1  2  3  4  5  6  7  8  9 10 |
---------------+-------------------------------+-----
Transmutations | 2 3 4 5 6 7 8 9 |  9.7
Spellcasting   | 2 3 4 5 6 |  6.3
Poison Magic   | 1 2 |  2.0
Ice Magic      | 2 4 5 6 |  6.0
Unarmed Combat | 3 5 7 |  7.1
Fighting       | 3 5 |  5.6
Earth Magic    | 3 |  3.4
Dodging        | |  1.7

Action                     |  1- 3 |  4- 6 |  7- 9 | 10-12 || total
---------------------------+-------+-------+-------+-------++-------
  Melee: Unarmed           |   123 |   191 |   339 |   225 ||   878
         Kick              |    23 |     3 |       |       ||    26
         Headbutt          |    15 |     3 |       |       ||    18
         Punch             |     1 |       |     1 |       ||     2
   Cast: Beastly Appendage |    21 |     8 |       |       ||    29
         Spider Form       |     1 |    23 |       |       ||    24
         Wereblood         |     1 |     7 |    16 |    13 ||    37
         Ice Form          |       |     5 |    36 |    19 ||    60
         Statue Form       |       |       |       |     1 ||     1
  Evoke: Wand              |       |       |       |     1 ||     1
    Use: Scroll            |     3 |     9 |    12 |     1 ||    25
         Potion            |       |     3 |     5 |     2 ||    10
   Stab: Sleeping          |     2 |     2 |       |       ||     4
 Armour: Robe              |    23 |    19 |     5 |       ||    47
         Skin              |       |    13 |   172 |   109 ||   294
  Dodge: Dodged            |    96 |   153 |   182 |   151 ||   582

Illustrated notes

Table legend:
 A = Kills in this place as a percentage of kills in the entire game.
 B = Kills by you in this place as a percentage of kills by you in the entire game.
 C = Kills by friends in this place as a percentage of kills by friends in the entire game.
 D = Other kills in this place as a percentage of other kills in the entire game.
 E = Experience gained in this place as a percentage of experience gained in the entire game.
 F = Experience gained in this place divided by the number of levels of this place that you have seen.
                   A       B       C       D       E      F
               +-------+-------+-------+-------+-------+----------------------
         Total | 100.0 | 100.0 |   N/A |   N/A | 100.0 | 1390.2
       Dungeon | 100.0 | 100.0 |   N/A |   N/A | 100.0 | 1390.2
               +-------+-------+-------+-------+-------+----------------------

Table legend: (Time is in decaauts)
 A = Elapsed time spent in this place.
 B = Non-inter-level travel time spent in this place.
 C = Inter-level travel time spent in this place.
 D = Time resting spent in this place.
 E = Time spent auto-exploring this place.
 F = Levels seen in this place.
 G = Mean time per level.
                   A        B        C        D        E       F      G
               +--------+--------+--------+--------+--------+-----+--------+
         Total |  11916 |  11611 |    305 |   1313 |   8030 |  10 | 1191.6 |
       Dungeon |  11916 |  11611 |    305 |   1313 |   8030 |  10 | 1191.6 |
               +--------+--------+--------+--------+--------+-----+--------+

Top non-repeatable levels by time:
     D:9: 1830 daAuts
     D:6: 1785 daAuts
     D:8: 1542 daAuts
     D:3: 1246 daAuts
     D:2: 1136 daAuts
     D:1: 1087 daAuts
     D:7: 1035 daAuts
     D:4: 970 daAuts
     D:5: 804 daAuts
    D:10: 477 daAuts
